Map: Dash and Terminal LE (Void)

Players

DotaTwoLAN - Winner!

  • Race: Zerg Zerg
  • League: Gold

AttackMove

  • Race: Terran Terran
  • League: Grandmaster

VOD

Have the link to the VOD?

Description

Time

  • Played on: Sept. 6, 2015, 12:14 a.m.
  • Length: 7:18
Show
View Real Time Build Order
Export as new Build Order

DotaTwoLAN Zerg - Winner!

Build Orders: Hatch First 

Get SALT Encoding   

  12  0:03  Drone  
  13  0:27  Drone  
  14  0:42  Hatchery, Drone  
  14  0:48  Overlord  
  14  1:09  Drone, Spawning Pool  
  14  1:14  Drone  
  14  1:16  Drone  
  16  1:22  Drone  
  17  1:31  Drone  
  18  1:34  Extractor  
  17  1:42  Drone  
  18  1:57  Queen  
  18  2:01  Spine Crawler  
  19  2:04  Zergling x4  
  21  2:12  Evolution Chamber  
  21  2:15  Drone  
  21  2:16  Zergling x2  
  19  2:49  Zergling x6  
  22  2:52  Drone x3  
  25  3:04  Queen  
  27  3:06  Zergling x2  
  20  3:38  Zergling x12  
  25  4:13  Overlord  
  23  4:53  Zergling x6  
  23  4:56  Queen  
  23  4:58  Spine Crawler  
  26  5:23  Spine Crawler  
  25  5:47  Drone x3  
  20  6:43  Spine Crawler  
  19  7:14  Spawning Pool  
Show
View Real Time Build Order
Export as new Build Order

AttackMove Terran 

Build Orders:  

Get SALT Encoding   

  12  0:02  SCV  
  13  0:14  Supply Depot  
  13  0:21  SCV  
  14  0:33  SCV  
  15  0:49  Barracks  
  15  0:56  Barracks  
  15  1:08  Barracks  
  15  1:13  SCV  
  16  1:25  SCV  
  17  1:37  SCV  
  18  1:40  Marine  
  19  1:47  Marine  
  19  1:50  Bunker  
  20  1:56  Marine  
  21  2:04  Bunker  
  21  2:12  Marine  
  22  2:40  Marine x2  
  22  2:41  Marine  
  23  3:02  Marine  
  23  3:11  Marine  
  23  3:12  Marine  
  15  3:38  SCV  
  14  3:55  Orbital Command  
  14  3:57  Marine x3  
  17  4:15  Marine x3  
  20  4:33  Marine x2  
  22  4:43  Marine  
  23  5:01  Marine  
  23  5:30  SCV, Marine x2  
  26  5:38  Refinery  
  26  5:42  SCV  
  27  5:48  Marine x2  
Tags
 
Add a new tag
Caveats
  • Supply blocks, unpowered buildings, or Contaminate may cause inaccurate times.
  • Supply counts are checked every 10 seconds.